 Dungeon Crawl Stone Soup version 0.24.0-37-gcf1ca852f1 (webtiles) character file.

Game seed: 17011417018818910785, levelgen mode: deterministic

84 Ivernyr the Chiller (level 4, -10/22 HPs)
             Began as a Vine Stalker Ice Elementalist on Nov 26, 2019.
             Was an Initiate of Cheibriados.
             Mangled by an ogre
             ... wielding a +0 giant club
              (21 damage)
             ... on level 4 of the Dungeon.
             The game lasted 00:11:48 (3200 turns).

Ivernyr the Chiller (Vine Stalker Ice Elementalist) Turns: 3200, Time: 00:11:49

Health: -10/22     AC:  4    Str: 12    XL:     4   Next: 46%
Magic:  0/9        EV: 12    Int: 17    God:    Cheibriados [......]
Gold:   143        SH:  0    Dex: 15    Spells: 2/8 levels left

rFire    . . .     SeeInvis .   f - +2 spear (venom)
rCold    . . .     Gourm    .   (no shield)
rNeg     . . .     Faith    .   a - +0 robe
rPois    .         Spirit   +   g - +0 helmet
rElec    .         Reflect  .   (no cloak)
rCorr    .         Harm     .   j - +0 pair of gloves
MR       .....                  (no boots)
Stlth    +.........             (no amulet)
HPRegen  0.47/turn              b - ring of attention (curse)
MPRegen  0.11/turn              (no ring)

@: very slightly contaminated, very slow
A: fangs 2, regeneration 1, magic shield, antimagic bite, no potion heal 3, rot
immunity
a: Bend Time, Renounce Religion


You were on level 4 of the Dungeon.
You worshipped Cheibriados.
Cheibriados was noncommittal.
You were hungry.

You visited 1 branch of the dungeon, and saw 4 of its levels.

You collected 143 gold pieces.

Inventory:

Hand Weapons
 f - a +2 spear of venom (weapon)
Armour
 a - a +0 robe (worn)
 g - a +0 helmet (worn)
 j - a +0 pair of gloves (worn)
Jewellery
 b - a cursed ring of attention (left hand)
 h - an uncursed amulet of the gourmand {unknown}
Scrolls
 d - 3 scrolls of identify {unknown}
 e - 3 scrolls of immolation {unknown}
 k - a scroll of teleportation {unknown}
 l - a scroll of enchant armour {unknown}
 m - a scroll of magic mapping {unknown}
 n - a scroll of blinking {unknown}
 q - a scroll of enchant weapon {unknown}
 r - a scroll of remove curse {unknown}
 s - a scroll of amnesia {unknown}
Potions
 i - a potion of heal wounds {unknown}
 o - a potion of mutation {unknown}
 p - a potion of agility {unknown}
 u - a potion of might {unknown}
Comestibles
 c - 2 rations


   Skills:
 + Level 1.4 Fighting
 - Level 1.5 Dodging
 - Level 2.4 Stealth
 + Level 2.9 Spellcasting
 + Level 1.7 Conjurations
 * Level 4.0 Ice Magic


You had 2 spell levels left.
You knew the following spells:

 Your Spells              Type           Power        Failure   Level  Hunger
a - Freeze                Ice            ###.         3%          1    #......
b - Throw Frost           Conj/Ice       ##....       9%          2    ##.....
c - Ozocubu's Armour      Chrm/Ice       #.......     24%         3    ###....

Your spell library contained the following spells:

 Spells                   Type           Power        Failure   Level  Hunger
 Throw Icicle             Conj/Ice       ##......     47%         4    #####..
 Summon Ice Beast         Ice/Summ       #.......     61%         4    #####..


Dungeon Overview and Level Annotations

Branches:
Dungeon (4/15)
 Temple: D:4-7

Altars:
Ashenzari
Cheibriados
Makhleb
Okawaru
Trog


Innate Abilities, Weirdness & Mutations

You have extremely sharp teeth.
Your natural rate of healing is unusually fast.
When hurt, damage is shared between your health and your magic reserves.
Your bite disrupts and absorbs the magic of your enemies.
Potions cannot restore your health.
You are immune to rotting.


Message History

Aim: an ogre, wielding a +0 giant club You freeze the ogre.
The ogre is lightly wounded.
The ogre barely misses you.
Casting: Freeze (safe; 3% risk of failure)
Confirm with . or Enter, or press ? or * to list all spells.
Aiming: Freeze (safe; 3% risk of failure)
Press: ? - help, Shift-Dir - straight line, f/p - ogre
Aim: an ogre, wielding a +0 giant club (lightly wounded)
You freeze the ogre.
The ogre is lightly wounded.
You hit the ogre.
The ogre is poisoned.
You bite the ogre, but do no damage.
The ogre is moderately wounded.
The ogre closely misses you.
You hit the ogre.
The ogre looks as sick as possible!
You bite the ogre. You drain its power.
You feel invigorated.
The ogre is heavily wounded.
The ogre hits you with a +0 giant club!!
Ouch! That really hurt!
You die...

#####.##### #
#..# #.## #.#
#.# #.# #.#
#####
#.##.....%
#.@O......
#.........
#.........
..........
...........
............
..........>..
#.............


You could see an ogre.

Vanquished Creatures
  2 gnolls
  An adder (D:2)
  A worm (D:3)
  2 dart slugs
  A leopard gecko (D:1)
  2 orcs (D:3)
  4 giant cockroaches
  3 goblins
  5 hobgoblins
  5 jackals (D:3)
  4 kobolds
  A quokka (D:3)
  3 bats
  7 frilled lizards
  4 rats
45 creatures vanquished.

Notes
Turn   | Place    | Note
-------+----------+-------------------------------------------
     0 | D:1      | Ivernyr the Vine Stalker Ice Elementalist began the quest
                  | for the Orb.
     0 | D:1      | Reached XP level 1. HP: 9/9 MP: 4/4
   348 | D:1      | Reached XP level 2. HP: 14/14 MP: 4/6
   352 | D:1      | Learned a level 2 spell: Throw Frost
   953 | D:2      | Reached XP level 3. HP: 17/17 MP: 7/7
  1230 | D:2      | Reached skill level 1 in Fighting
  1365 | D:2      | Found a shattered altar of Ashenzari.
  1450 | D:2      | Found a bloodstained altar of Trog.
  1861 | D:3      | Gained mutation: Your natural rate of healing is unusually
                  | fast. [Vine Stalker growth]
  1861 | D:3      | Reached XP level 4. HP: 22/22 MP: 9/9
  1916 | D:3      | Found a snail-covered altar of Cheibriados.
  1942 | D:3      | Became a worshipper of Cheibriados the Contemplative
  2536 | D:3      | Learned a level 3 spell: Ozocubu's Armour
  2721 | D:3      | Reached skill level 4 in Ice Magic
  3080 | D:3      | Found a burning altar of Makhleb.
  3081 | D:3      | Found an iron altar of Okawaru.
  3194 | D:4      | Noticed an ogre
  3200 | D:4      | Mangled by an ogre

Levels and vault maps discovered:
D:1:      elethiomel_arrival_quiet, layout_loops_cross
D:2:      layout_rooms, lemuel_doored_altar, bloody_trog
D:3:      layout_basic, cheibriados_altar_1, gammafunk_temple_overflow_pools,
          minmay_misc_feat_rows, minmay_misc_feat_doors
D:4:      layout_rooms, nicolae_tso_carved_into_rock,
          nemelex_xobeh_ov_fountains_minmay, minmay_temple_entry_poolview,
          first_ration

Skill      XL: |  1  2  3  4 |
---------------+-------------+-----
Fighting       | 1 |  1.4
Ice Magic      | 4 |  4.0
Dodging        | |  1.5
Stealth        | |  2.4
Spellcasting   | |  2.9
Conjurations   | |  1.7

Action                   |  1- 3 |  4- 6 || total
-------------------------+-------+-------++-------
Melee: Whip              |     6 |       ||     6
       Bite              |     8 |     7 ||    15
       Spear             |    23 |    28 ||    51
 Cast: Freeze            |    28 |     4 ||    32
       Throw Frost       |    10 |    13 ||    23
  Use: Potion            |     1 |       ||     1
 Stab: Sleeping          |     1 |       ||     1
  Eat: Chunk             |     4 |     5 ||     9
Armor: Robe              |     7 |     6 ||    13
Dodge: Dodged            |    26 |    13 ||    39
